 Dungeon Crawl Stone Soup version 0.29-a0-284-gf9362112df (webtiles) character file.

Game seed: 8622715485473447394

67 cheechan the Chiller (level 4, -1/27 HPs)
             Began as an Octopode Ice Elementalist on Mar 30, 2022.
             Succumbed to a kobold brigand's poison
             ... on level 3 of the Dungeon.
             The game lasted 00:06:22 (1636 turns).

cheechan the Chiller (Octopode Ice Elementalist)    Turns: 1636, Time: 00:06:23

Health: -1/27      AC:  1    Str:  7    XL:     4   Next: 16%
Magic:  1/8        EV: 13    Int: 17    God:
Gold:   115        SH:  0    Dex: 14    Spells: 4/8 levels left

rFire   . . .      SeeInvis .   j - +1 trident
rCold   . . .      Faith    .   (no shield)
rNeg    . . .      Spirit   .   (helmet restricted)
rPois   .          Reflect  .   (no amulet)
rElec   .          Harm     .   h - ring of flight
rCorr   .          Rampage  .   (no ring)
Will    .....                   (no ring)
Stlth   +++.......              (no ring)
HPRegen 0.09/turn               (no ring)
MPRegen 0.11/turn               (no ring)
                                (no ring)
                                (no ring)

@: lethally poisoned (-1 -> -5), attractive, flying
A: almost no armour, amphibious, 8 rings, camouflage 1, gelatinous body 1,
(nimble swimmer 1), tentacles
a: no special abilities


You were on level 3 of the Dungeon.
You visited 1 branch of the dungeon, and saw 3 of its levels.

You collected 115 gold pieces.

Inventory:

Hand Weapons
 j - a +1 trident (weapon)
Missiles
 d - 3 poisoned darts (quivered)
 f - 52 stones
Armour
 k - a +0 buckler
Jewellery
 h - a ring of flight (left tentacle)
Scrolls
 b - a scroll of fear {unknown}
 c - a scroll of identify {unknown}
 e - a scroll of enchant weapon
 g - a scroll of teleportation {unknown}
Potions
 a - a potion of magic
 i - a potion of flight


   Skills:
 + Level 0.2 Fighting
 + Level 0.2 Polearms
 + Level 2.3 Dodging
 + Level 3.4 Stealth
 + Level 2.6 Spellcasting
 + Level 4.7 Ice Magic


You had 4 spell levels left.
You knew the following spells:

 Your Spells              Type           Power      Damage    Failure   Level
a - Freeze                Ice            72%        1d9       2%          1
b - Frozen Ramparts       Ice            36%        1d5       8%          3

Your spell library contained the following spells:

 Spells                   Type           Power      Damage    Failure   Level
 Ozocubu's Armour         Ice            18%        N/A       8%          3
 Hailstorm                Conj/Ice       10%        3d5       56%         4


Dungeon Overview and Level Annotations

Branches:
Dungeon (3/15)

Altars:


Innate Abilities, Weirdness & Mutations

You cannot wear most types of armour.
You are amphibious.
You can wear up to eight rings at the same time.
Your skin changes colour to match your surroundings (Stealth+).
Your rubbery body absorbs attacks. (AC +1, EV +1)
((You are camouflaged when in or above water. (Stealth+)))
You have tentacles for arms and can constrict up to eight enemies at once.


Message History

The bat struggles to escape constriction.
Unknown command.
Reach: j) +0 trident
Press: ? - help, Dir - move target, f/p - bat
Aim: a bat (constricted by you, about 32% to evade your +0 trident)
You closely miss the bat. Your squeeze misses the bat. You constrict the bat.
You feel very sick. The bat closely misses you.
The bat escapes!
Unknown command.
You barely miss the bat. You grab the bat.
The bat is moderately wounded.
You constrict the bat.
You kill the bat!
You feel very sick.
The kobold brigand hits you with a +0 club!
* * * LOW HITPOINT WARNING * * *
Your magical contamination has completely faded away.
It was a potion of flight.
You feel more buoyant.
* * * LOW HITPOINT WARNING * * *
You feel sick.
The kobold brigand looks more healthy.
The kobold brigand misses you.
It was a potion of attraction.
You feel attractive to monsters.
* * * LOW HITPOINT WARNING * * *
You feel sick. The kobold brigand closely misses you.
As you read the scroll labelled ZYGEDU PEOBB, it crumbles to dust.
It is a scroll of enchant weapon.
Your +0 trident glows red for a moment.
* * * LOW HITPOINT WARNING * * *
You feel sick.
The kobold brigand hits you with a +0 club.
* * * LOW HITPOINT WARNING * * *
Reach: j) +1 trident
Press: ? - help, Dir - move target, f - kobold brigand
Aim: a kobold brigand, wielding a +0 club and quivering poisoned darts (moderately wounded, about 50% to evade your +1 trident)
You closely miss the kobold brigand. Your grab misses the kobold brigand.
Your squeeze misses the kobold brigand.
The kobold brigand is moderately wounded.
You die...

###########
###.........####
#..............###
###....#####†@.....#
##...##'# #K##.....#
#..###..# #.. ##...#
#.##)#..# #..# ..#
#.'.[#†.# #..# ...
#.##.#..# #..# ##
#..###..# #($#
##...#### ####
###....##+##..S


You could see a kobold brigand.

Vanquished Creatures
  2 adders
  3 worms
  A dart slug (D:2)
  2 ball pythons
  2 giant cockroaches
  5 goblins
  A hobgoblin (D:1)
  3 jackals (D:1)
  4 kobolds (D:2)
  5 quokkas
  3 bats
  A frilled lizard (D:1)
  3 rats
35 creatures vanquished.

Vanquished Creatures (others)
  7 toadstools (D:1)
7 creatures vanquished.

Grand Total: 42 creatures vanquished

Notes
Turn   | Place    | Note
-------+----------+-------------------------------------------
     0 | D:1      | cheechan the Octopode Ice Elementalist began the quest for
                  | the Orb.
     0 | D:1      | Reached XP level 1. HP: 11/11 MP: 3/3
   231 | D:1      | Reached XP level 2. HP: 7/17 MP: 0/5
   586 | D:1      | Found a faded altar of an unknown god.
   947 | D:2      | Reached XP level 3. HP: 20/21 MP: 1/6
   968 | D:2      | Learned a level 3 spell: Frozen Ramparts
  1599 | D:3      | Reached XP level 4. HP: 23/27 MP: 1/7
  1622 | D:3      | Noticed a kobold brigand
  1635 | D:3      | HP: 1/27 [kobold brigand/+0 club (2)]
  1636 | D:3      | Succumbed to a kobold brigand's poison

Illustrated notes

Levels and vault maps discovered:
D:1:      nagdon_arrival_double_spiral, layout_rooms,
          shapermc_ecumenical_altar_notcrosses, grunt_decor_resistance,
          st_stairs_3
D:2:      layout_basic
D:3:      layout_loops_ring, zin_purify, minmay_divided_ellipse

Skill      XL: |  1  2 |
---------------+-------+-----
Stealth        | 3 |  3.4
Fighting       | |  0.2
Polearms       | |  0.2
Dodging        | |  2.3
Spellcasting   | |  2.6
Ice Magic      | |  4.7

Action                   |  1- 3 |  4- 6 || total
-------------------------+-------+-------++-------
Melee: Spear             |    19 |       ||    19
       Constrict         |     6 |     3 ||     9
       Dagger            |     1 |       ||     1
       Tentacles         |     3 |       ||     3
       Trident           |    10 |     6 ||    16
Throw: Dart              |       |     1 ||     1
 Cast: Freeze            |    40 |     1 ||    41
       Frozen Ramparts   |     1 |       ||     1
  Use: Potion            |       |     2 ||     2
       Scroll            |       |     1 ||     1
 Stab: Sleeping          |     4 |       ||     4
Armor: Skin              |     5 |     1 ||     6
Dodge: Dodged            |    39 |     5 ||    44

Table legend: (Time is in decaauts)
 A = Elapsed time spent in this place.
 B = Non-inter-level travel time spent in this place.
 C = Inter-level travel time spent in this place.
 D = Time resting spent in this place.
 E = Time spent auto-exploring this place.
 F = Levels seen in this place.
 G = Mean time per level.
                   A        B        C        D        E       F      G
               +--------+--------+--------+--------+--------+-----+--------+
         Total |   1639 |   1639 |      0 |    188 |      0 |   3 |  546.3 |
       Dungeon |   1639 |   1639 |      0 |    188 |      0 |   3 |  546.3 |
               +--------+--------+--------+--------+--------+-----+--------+

Top non-repeatable levels by time:
     D:1: 751 daAuts
     D:2: 607 daAuts
     D:3: 281 daAuts
